 Dungeon Crawl Stone Soup version 0.18.1-8-gdd0e5ea (webtiles) character file.

47 epen the Insei (level 3, -3/26 HPs)
             Began as a Demonspawn Transmuter on May 21, 2016.
             Killed by divine providence
             ... invoked by an orc priest
              (14 damage)
             ... on level 3 of the Dungeon.
             The game lasted 00:02:23 (1947 turns).

epen the Insei (Demonspawn Transmuter)              Turns: 1947, Time: 00:02:23

Health: -3/26      AC:  7    Str: 10    XL:     3   Next: 48%
Magic:  15/15      EV: 12    Int: 15    God:
Gold:   220        SH:  0    Dex: 13    Spells: 3 memorised, 0 levels left

rFire  . . .     SeeInvis .       - Unarmed
rCold  . . .     Gourm    .     b - +0 robe
rNeg   . . .     Faith    .     (no shield)
rPois  .         Spirit   .     g - +0 helmet
rElec  .         Dismiss  .     k - +2 cloak {+Inv}
rCorr  .         Reflect  .     (no gloves)
SustAt .         Harm     .     l - +0 pair of boots
MR     .....                    (no amulet)
Stlth  +.........               (no ring)
                                n - ring of magical power

@: not resistant to hostile enchantments, very unstealthy
A: talons 1, spiny 1
a: Evoke Invisibility


You were on level 3 of the Dungeon.
You were very hungry.

You visited 1 branch of the dungeon, and saw 3 of its levels.

You collected 220 gold pieces.

Inventory:

Missiles
 a - 12 arrows
Armour
 b - a +0 robe (worn)
 g - a +0 helmet (worn)
 k - a +2 cloak of invisibility (worn)
 l - a +0 pair of boots (worn)
Jewellery
 n - a ring of magical power (left hand)
 r - a cursed ring of flight {unknown}
Scrolls
 e - a scroll of remove curse {unknown}
 f - 3 scrolls of identify {unknown}
 m - a scroll of recharging {unknown}
 p - a scroll of noise {unknown}
 u - a scroll of magic mapping {unknown}
Potions
 h - a potion of heal wounds {unknown}
 j - a potion of lignification {unknown}
 o - a potion of flight {unknown}
 s - a potion of resistance {unknown}
 t - a potion of agility {unknown}
 v - a potion of curing {unknown}
Books
 c - a book of Changes

   Spells                             Type                      Level
   a - Beastly Appendage              Transmutation                1
   b - Sticks to Snakes               Transmutation                2
   c - Spider Form                    Transmutation/Poison         3
   d - Ice Form                       Ice/Transmutation            4
   e - Blade Hands                    Transmutation                5
Comestibles
 d - 2 bread rations
 i - 2 royal jellies
 q - a meat ration


   Skills:
 + Level 1.3 Fighting
 + Level 2.1 Dodging
 * Level 3.3 Unarmed Combat
 + Level 2.2 Spellcasting
 * Level 2.2 Transmutations


You couldn't memorise any spells.
You knew the following spells:

 Your Spells              Type           Power        Failure   Level  Hunger
a - Beastly Appendage     Trmt           #.....       12%         1    #......
b - Sticks to Snakes      Trmt           #.......     14%         2    ###....
c - Spider Form           Trmt/Pois      #.........   43%         3    ###....


Dungeon Overview and Level Annotations

Branches:
Dungeon (3/15)

Altars:
Pakellas
Ru
Vehumet


Innate Abilities, Weirdness & Mutations

You have sharp toenails.
You are partially covered in sharp spines.


Message History

You hit the orc.
The orc is severely wounded.
The orc hits you.
You closely miss the orc.
The orc is severely wounded.
The orc priest invokes the aid of Beogh against you.
Beogh smites you! The orc closely misses you.
You hear a shout! x2
You barely miss the orc.
The orc is severely wounded.
The orc priest hits you but does no damage.
The orc is struck by your spines.
You kill the orc!
An orc wizard comes into view. It is wielding a dagger.
You hit the orc priest.
The orc priest is lightly wounded.
The orc priest calls down the wrath of Beogh upon you.
Beogh smites you!
Ouch! That really hurt!
You die...

## #.. ####### #.#
#.....# #.##### #
########.###.###.....#.#
.......................
...#####.###.###.....#
.........# #....!#...#
....####.# #####@o.#
..#.# #.# #.....# ..#.#
#.# ###...... ###.. #.#
.....# ##.# #.# ..### .#
#.# o.# .# .# .# .. ## #


You could see an orc priest and an orc wizard.

Vanquished Creatures
  2 adders (D:2)
  A giant gecko (D:3)
  An orc (D:3)
  3 giant cockroaches
  4 goblins
  A hobgoblin (D:2)
  5 bats
  6 kobolds
  4 rats
27 creatures vanquished.

Vanquished Creatures (others)
  An ice dragon (D:2)
  A bush (D:2)
2 creatures vanquished.

Grand Total: 29 creatures vanquished

Notes
Turn   | Place    | Note
--------------------------------------------------------------
     0 | D:1      | epen the Demonspawn Transmuter began the quest for the Orb.
     0 | D:1      | Reached XP level 1. HP: 15/15 MP: 3/3
   670 | D:1      | Gained mutation: You are partially covered in sharp spines. [demonic ancestry]
   670 | D:1      | Reached XP level 2. HP: 21/21 MP: 5/5
   674 | D:1      | Learned a level 2 spell: Sticks to Snakes
  1065 | D:2      | Reached skill level 3 in Unarmed Combat
  1154 | D:2      | Gained mutation: You have sharp toenails. [demonic ancestry]
  1154 | D:2      | Reached XP level 3. HP: 24/26 MP: 6/6
  1172 | D:2      | Learned a level 3 spell: Spider Form
  1264 | D:2      | Found an oddly glowing altar of Pakellas.
  1265 | D:2      | Noticed an ice dragon
  1276 | D:2      | Killed an ice dragon
  1323 | D:2      | Found a sacrificial altar of Ru.
  1719 | D:2      | Found a radiant altar of Vehumet.
  1947 | D:3      | Killed from afar by an orc priest

Skill      XL: |  1  2 |
---------------+-------+-----
Dodging        | 2 |  2.1
Unarmed Combat | 3 |  3.3
Transmutations | 2 |  2.2
Fighting       | |  1.3
Spellcasting   | |  2.2

Action                   || total
-------------------------++-------
Melee: Unarmed           ||    73
       Punch             ||     1
 Stab: Sleeping          ||     4
  Eat: Chunk             ||     2
Armor: Robe              ||    20
Dodge: Dodged            ||    36
